Map: Beckett Industries LE

Players

llllllllllll

  • Race: Terran Terran
  • League: Master

CanadianChad - Winner!

  • Race: Protoss Protoss
  • League: Master

VOD

Have the link to the VOD?

Description

Time

  • Played on: April 11, 2021, 3:41 p.m.
  • Length: 7:27
Show
View Real Time Build Order
Export as new Build Order

llllllllllll Terran 

Build Orders:  

Get SALT Encoding   

  12  0:00  SCV  
  13  0:13  Supply Depot  
  13  0:17  SCV  
  14  0:30  SCV  
  15  0:35  Barracks  
  15  0:42  SCV  
  16  0:50  Barracks  
  16  0:57  SCV  
  17  1:03  Supply Depot  
  17  1:11  Refinery  
  17  1:12  SCV  
  18  1:24  Marine  
  19  1:30  Bunker  
  19  1:38  Orbital Command  
  19  1:42  Marine  
  20  1:47  Marine  
  21  1:59  Marine  
  22  2:05  Marine, SCV  
  24  2:15  Barracks  
  24  2:17  Marine  
  24  2:21  SCV  
  26  2:28  Barracks Tech Lab  
  26  2:31  Supply Depot  
  26  2:33  SCV  
  27  2:45  SCV  
  27  2:47  Combat Shield  
  27  2:49  Marine  
  27  2:50  Marine  
  30  2:54  Supply Depot  
  30  2:57  SCV  
  31  3:03  Marine  
  32  3:07  Marine  
  32  3:09  Marine, Barracks, SCV  
  35  3:21  Marine  
  35  3:23  Barracks  
  35  3:24  Marine, SCV  
  38  3:28  Marine  
  39  3:36  SCV  
  39  3:39  Marine  
  41  3:42  Marine, Supply Depot  
  41  3:46  Marine  
  43  3:49  SCV  
  44  3:56  Marine  
  44  3:57  Marine  
  44  4:00  Marine  
  47  4:04  Marine  
  47  4:08  Stimpack  
  48  4:12  Marine  
  48  4:14  Marine  
  48  4:15  Marine  
  51  4:18  Marine  
  51  4:19  Supply Depot  
  51  4:22  Marauder  
  54  4:25  SCV  
  55  4:35  Supply Depot  
  55  4:40  Marine x2  
  55  4:41  SCV  
  58  4:46  Marauder, Marine  
  61  4:59  Marine  
  61  5:06  SCV  
  63  5:07  Marauder  
  63  5:11  Supply Depot  
  65  5:14  Supply Depot  
  65  5:17  Marine x2  
  65  5:19  Marine  
  68  5:29  Marauder  
  68  5:33  SCV  
  68  5:34  Engineering Bay  
  71  5:46  Command Center  
  71  5:50  Marauder  
  71  5:51  SCV  
  71  5:55  Marine x3  
  77  6:01  Marine  
  78  6:12  Marauder  
  78  6:20  Marine  
  79  6:29  Marine x3  
  78  6:33  Marauder  
  78  6:38  Marine  
  59  6:47  Marine x3  
  60  6:54  Marauder  
  60  6:57  Marine  
Show
View Real Time Build Order
Export as new Build Order

CanadianChad Protoss - Winner!

Build Orders:  

Get SALT Encoding   

  12  0:00  Probe  
  13  0:12  Probe  
  14  0:19  Pylon  
  14  0:24  Probe  
  15  0:34  Pylon  
  15  0:37  Probe  
  17  0:53  Gateway  
  16  0:57  Gateway  
  16  1:01  Probe  
  17  1:06  Assimilator  
  17  1:14  Probe  
  18  1:27  Probe  
  19  1:39  Probe, Zealot (Chrono Boost)  
  20  1:44  Cybernetics Core  
  21  1:57  Nexus  
  21  2:06  Gateway  
  21  2:17  Gateway  
  21  2:21  Probe  
  22  2:26  Warp Gate (Chrono Boost)  
  22  2:39  Pylon  
  22  2:41  Gateway  
  22  2:49  Probe  
  23  2:59  Stalker (Chrono Boost)  
  23  3:04  Shield Battery  
  26  3:08  Stalker (Chrono Boost)  
  27  3:14  Shield Battery  
  27  3:16  Probe  
  27  3:19  Probe  
  29  3:28  Probe  
  29  3:29  Stalker  
  32  3:41  Probe  
  33  3:53  Probe x2  
  33  3:55  Twilight Council  
  35  3:57  Pylon  
  35  3:58  Assimilator  
  35  4:02  Stalker  
  37  4:05  Probe  
  37  4:17  Probe  
  37  4:20  Shield Battery  
  37  4:23  Pylon, Stalker  
  39  4:26  Stalker  
  39  4:29  Probe  
  42  4:31  Probe  
  43  4:41  Probe  
  43  4:43  Blink (Chrono Boost)  
  43  4:44  Probe  
  45  4:49  Assimilator  
  46  5:00  Zealot  
  46  5:01  Stalker  
  46  5:03  Probe x2  
  50  5:09  Stalker  
  52  5:15  Probe x2  
  52  5:18  Shield Battery  
  54  5:27  Probe  
  54  5:28  Probe, Stalker  
  58  5:36  Stalker  
  58  5:39  Probe  
  58  5:40  Probe  
  62  5:45  Pylon  
  62  6:00  Nexus  
  62  6:03  Probe x2, Pylon  
  64  6:07  Stalker  
  64  6:10  Stalker  
  68  6:13  Stalker  
  70  6:20  Pylon  
  70  6:21  Probe  
  49  6:40  Stalker x2  
  49  6:42  Probe (Chrono Boost)  
  55  6:49  Probe (Chrono Boost)  
  56  6:54  Probe (Chrono Boost)  
  56  6:57  Pylon  
  56  7:00  Probe (Chrono Boost)  
  56  7:01  Probe (Chrono Boost)  
  58  7:10  Probe (Chrono Boost)  
  58  7:12  Probe (Chrono Boost)  
  60  7:18  Probe (Chrono Boost)  
  60  7:21  Probe (Chrono Boost)  
Tags
 
Add a new tag
Caveats
  • Supply blocks, unpowered buildings, or Contaminate may cause inaccurate times.
  • Supply counts are checked every 10 seconds.